 Dungeon Crawl Stone Soup version 0.17-a0-755-g4391640 (webtiles) character file.

11531 karvarausku the Cleaver (level 11, 0/76 HPs)
             Began as a Demonspawn Warper on Apr 22, 2015.
             Slain by a hill giant
             ... wielding a +0 giant spiked club
              (21 damage)
             ... on level 11 of the Dungeon.
             The game lasted 00:48:08 (14138 turns).

karvarausku the Cleaver (Demonspawn Warper)        Turns: 14138, Time: 00:48:08

Health: 0/76       AC: 10    Str: 16    XL:     11   Next: 50%
Magic:  0/25       EV:  9    Int: 14    God:
Gold:   423        SH:  8    Dex: 12    Spells: 2 memorised, 14 levels left

rFire  . . .     SeeInvis .     a - +7 trident of Cif Dez {pierce, rPois}
rCold  . . .     Clarity  .     n - +0 ring mail
rNeg   . . .     SustAb   +     Y - +0 shield
rPois  +         Gourm    .     j - +1 helmet
rElec  .         Spirit   +     (no cloak)
rCorr  .         Warding  .     (no gloves)
rMut   .         Stasis   .     (no boots)
MR     .....                    (no amulet)
Stlth  +.........               w - ring of magical power
                                R - ring of sustain abilities (curse)

@: not resistant to hostile enchantments, very unstealthy
A: claws 1, thin metallic scales 2, powered by pain 1, magic shield
a: no special abilities


You were on level 11 of the Dungeon.
You were not hungry.

You visited 3 branches of the dungeon, and saw 13 of its levels.

You collected 423 gold pieces.

Inventory:

Hand weapons
 a - the +7 trident of Cif Dez (weapon) {pierce, rPois}
   (You found it on level 1 of the Lair of Beasts)

   It inflicts extra damage upon your enemies.
   It protects you from poison.
 A - a +0 battleaxe
 G - a +0 broad axe
 X - a cursed +1 battleaxe
Missiles
 D - 2 tomahawks
 O - 2 throwing nets
 Q - 2 javelins (quivered)
Armour
 j - a +1 helmet (worn)
 l - a +0 chain mail
 n - a +0 ring mail (worn)
 z - a cursed +0 leather armour
 B - a +0 scale mail
 H - a cursed +0 ring mail
 N - a +0 leather armour
 P - a +0 plate armour
 Y - a +0 shield (worn)
 Z - a +0 pair of boots
Rods
 b - a -3 rod of the swarm (12/12)
   (You found it on level 9 of the Dungeon)
Jewellery
 h - an uncursed ring of poison resistance
 t - an uncursed amulet of resist mutation
 w - a ring of magical power (right claw)
 R - a cursed ring of sustain abilities (left claw)
 W - an uncursed ring of protection from fire
Magical devices
 q - a wand of fire (-7)
 E - a wand of disintegration (10)
Scrolls
 d - 2 scrolls of blinking
 o - a scroll of identify
 r - a scroll of immolation
 v - a scroll of magic mapping
 x - a scroll of enchant armour
 C - 2 scrolls of teleportation
 L - a scroll of amnesia
 S - 3 scrolls of remove curse
 V - a scroll of recharging {unknown}
Potions
 g - 6 potions of curing
 p - 2 potions of heal wounds
 u - a potion of haste
 I - a potion of flight
 J - a potion of beneficial mutation {unknown}
 K - a potion of ambrosia {unknown}
Books
 c - a book of Spatial Translocations

   Spells                             Type                      Level
   a - Apportation                    Translocation                1
   b - Blink                          Translocation                2
   c - Shroud of Golubria             Charms/Translocation         2
   d - Portal Projectile              Translocation                3
   e - Teleport Other                 Translocation                3
   f - Passage of Golubria            Translocation                4
 e - a book of Alchemy

   Spells                             Type                      Level
   a - Sublimation of Blood           Necromancy                   2
   b - Alistair's Intoxication        Transmutation/Poison         4
   c - Condensation Shield            Ice                          4
   d - Petrify                        Transmutation/Earth          4
   e - Ignite Poison                  Fire/Transmutation/Poison    3
   f - Irradiate                      Conjuration/Transmutation    5
 i - a book of Burglary

   Spells                             Type                      Level
   a - Swiftness                      Charms/Air                   2
   b - Passwall                       Transmutation/Earth          3
   c - Passage of Golubria            Translocation                4
   d - Lee's Rapid Deconstruction     Earth                        5
   e - Invisibility                   Hexes                        6
   f - Darkness                       Hexes                        7
 m - a book of Fire

   Spells                             Type                      Level
   a - Ignite Poison                  Fire/Transmutation/Poison    3
   b - Fireball                       Conjuration/Fire             5
   c - Bolt of Fire                   Conjuration/Fire             6
   d - Delayed Fireball               Conjuration/Fire             7
   e - Ring of Flames                 Charms/Fire                  7
 M - a Young Poisoner's Handbook

   Spells                             Type                      Level
   a - Sting                          Conjuration/Poison           1
   b - Cure Poison                    Poison                       2
   c - Mephitic Cloud                 Conjuration/Poison/Air       3
   d - Olgreb's Toxic Radiance        Poison                       4
   e - Venom Bolt                     Conjuration/Poison           5
Comestibles
 f - 11 bread rations
 k - 6 meat rations
 s - 2 chunks of flesh
 F - 5 fruits
 T - a slice of pizza
 U - 2 beef jerkies


   Skills:
 + Level 3.9 Fighting
 - Level 14.3(14.4) Axes
 + Level 2.7(10.0) Polearms
 - Level 0.8 Throwing
 + Level 2.7 Armour
 + Level 3.7 Dodging
 + Level 2.2 Shields
 + Level 3.5 Spellcasting
 + Level 4.0 Translocations


You had 14 spell levels left.
You knew the following spells:

 Your Spells              Type           Power        Failure   Level  Hunger
a - Apportation           Tloc           ##........   43%         1    #......
b - Blink                 Tloc           N/A          69%         2    ##.....


Dungeon Overview and Level Annotations

Branches:
Dungeon (11/15)            Temple (1/1) D:7            Lair (1/8) D:8
    Orc (0/4) D:10

Altars:
Ashenzari
Cheibriados
Dithmenos
Elyvilon
Fedhas
Gozag
Kikubaaqudgha
Makhleb
Nemelex Xobeh
Okawaru
Qazlal
Ru
Sif Muna
Trog
Vehumet
Xom
Yredelemnul
Zin
The Shining One

Annotations:
D:7 wvc's ghost, experienced OgWn


Innate Abilities, Weirdness & Mutations

You have sharp fingernails.
You are mostly covered in thin metallic scales (AC +3).
You sometimes gain a little power by taking damage.
When hurt, damage is shared between your health and your magic reserves.


Message History

The hill giant hits you with a giant spiked club!!
You puncture the hill giant!
The hill giant is heavily wounded.
You puncture the hill giant!
The hill giant is severely wounded.
The hill giant hits you with a giant spiked club!!
* * * LOW HITPOINT WARNING * * *
You are too injured to fight recklessly!
You are too injured to fight recklessly!
A white ugly thing comes into view.
The white ugly thing gurgles horribly!
Found a leather armour.
Attack whom?
Press: ? - help, Dir - move target cursor, f - hill giant
Aim: a hill giant, wielding a giant spiked club (severely wounded)
You reach to attack!
Your shield prevents you from hitting the hill giant.
The hill giant is severely wounded.
The hill giant hits you with a giant spiked club!!
You die...

... ..# . #.# .. #
#)# .# ..[ . ##)#
##.# ... ..##..##
#..# #.# .......###.#
#..#
...........######..##
....##.....##..C@...#
..## ###.......###..#
.# ##....u### .#
.######..##..# #
........####..#
..####..# ##..# ###
##..# #... # ##.#
#u... # ..# #..


You could see a white ugly thing and a hill giant.

Vanquished Creatures
  Erolcha (D:8)
  2 hill giants (D:10)
  Pikel (Temple)
  An ugly thing (D:11)
  A komodo dragon (Lair:1)
  2 spiny frogs (Lair:1)
  A troll (D:10)
  A fire drake (D:8)
  A merfolk (D:9)
  Prince Ribbit (D:6)
  A wraith (D:10)
  A deep elf mage (D:11)
  3 yaks (D:10)
  2 wyverns (D:10)
  A steam dragon (D:10)
  A hungry ghost (D:10)
  4 water moccasins
  5 ice beasts
  4 orc warriors
  A black bear (D:6)
  3 slaves (D:6)
  5 ogres
  A swamp drake (D:10)
  A porcupine (Lair:1)
  A wasp (D:9)
  A sky beast (D:9)
  A phantom (D:8)
  5 centaurs
  A necrophage (D:9)
  2 gnoll sergeants
  11 giant frogs
  6 killer bees (D:10)
  11 wights
  3 giant frog zombies
  A centaur skeleton (D:11)
  4 crimson imps
  4 giant frog skeletons
  5 hounds
  4 orc priests
  3 jellies
  13 orc wizards
  A gnoll shaman (D:9)
  An iguana (D:8)
  2 worker ants
  A killer bee zombie (D:10)
  10 adders
  18 gnolls
  2 worker ant zombies
  8 river rats (Lair:1)
  2 shadow imps (D:10)
  An ooze (D:3)
  3 worms
  5 giant geckos
  39 orcs
  A ball python (D:3)
  13 bats
  A bat zombie (D:7)
  6 giant cockroaches
  12 goblins
  19 hobgoblins
  11 jackals
  10 kobolds
  8 quokkas
  3 giant newts
  A quokka skeleton (D:8)
  8 rats
307 creatures vanquished.

Vanquished Creatures (others)
  A slave (D:7)
  An adder skeleton (D:7)
  7 fungi (Lair:1)
  14 plants (Lair:1)
23 creatures vanquished.

Grand Total: 330 creatures vanquished

Notes
Turn   | Place    | Note
--------------------------------------------------------------
     0 | D:1      | karvarausku, the Demonspawn Warper, began the quest for the Orb.
     0 | D:1      | Reached XP level 1. HP: 16/16 MP: 3/3
   349 | D:1      | Gained mutation: You sometimes gain a little power by taking damage. [demonic ancestry]
   349 | D:1      | Reached XP level 2. HP: 22/22 MP: 5/5
   696 | D:2      | Reached skill level 3 in Axes
   813 | D:2      | Reached XP level 3. HP: 27/27 MP: 6/6
  1707 | D:3      | Gained mutation: When hurt, damage is shared between your health and your magic reserves. [demonic ancestry]
  1707 | D:3      | Reached XP level 4. HP: 20/33 MP: 7/7
  1772 | D:2      | Reached skill level 4 in Axes
  2619 | D:3      | Reached XP level 5. HP: 25/38 MP: 8/8
  2745 | D:4      | Reached skill level 5 in Axes
  3276 | D:4      | You fall through a shaft!
  3276 | D:5      | Entered Level 5 of the Dungeon
  3310 | D:5      | Gained mutation: You are partially covered in thin metallic scales (AC +2). [demonic ancestry]
  3310 | D:5      | Reached XP level 6. HP: 22/44 MP: 5/9
  3315 | D:5      | Reached skill level 6 in Axes
  3327 | D:5      | Noticed a centaur
  3334 | D:5      | HP: 2/44 [centaur/arrow (2)]
  3336 | D:5      | Noticed an ogre
  3976 | D:4      | Killed an ogre
  4014 | D:5      | Found an ancient bone altar of Kikubaaqudgha.
  4056 | D:5      | Noticed an ogre
  4131 | D:3      | Killed an ogre
  4131 | D:3      | Reached skill level 7 in Axes
  4131 | D:3      | Reached XP level 7. HP: 31/50 MP: 10/10
  4383 | D:5      | Killed a centaur
  4946 | D:6      | Found a deep blue altar of Sif Muna.
  4973 | D:6      | Found a shattered altar of Ashenzari.
  5091 | D:6      | Found a bloodstained altar of Trog.
  5219 | D:6      | Reached skill level 8 in Axes
  5449 | D:6      | Reached XP level 8. HP: 35/56 MP: 11/11
  5543 | D:6      | Reached skill level 9 in Axes
  5798 | D:6      | Found a radiant altar of Vehumet.
  5798 | D:6      | Found a stormy altar of Qazlal.
  5798 | D:6      | Noticed Prince Ribbit
  5808 | D:6      | Learned a level 2 spell: Blink
  6105 | D:7      | Noticed Pikel
  6410 | D:7      | Noticed wvc's ghost (experienced OgWn)
  7177 | D:7      | Reached skill level 10 in Axes
  7283 | D:7      | Found a staircase to the Ecumenical Temple.
  7289 | Temple   | Entered the Ecumenical Temple
  7496 | Temple   | Killed Pikel
  7496 | Temple   | Reached skill level 11 in Axes
  7496 | Temple   | Gained mutation: You have sharp fingernails. [demonic ancestry]
  7496 | Temple   | Reached XP level 9. HP: 28/61 MP: 9/12
  8025 | D:8      | Noticed a fire drake
  8040 | D:8      | Killed a fire drake
  8289 | D:8      | Found a staircase to the Lair.
  8347 | D:8      | Found a shimmering altar of Xom.
  8400 | D:8      | Noticed Erolcha
  9344 | D:9      | Reached skill level 12 in Axes
  9773 | D:6      | Killed Prince Ribbit
 10064 | Lair:1   | Entered Level 1 of the Lair of Beasts
 10066 | Lair:1   | Got a pitted trident
 10148 | Lair:1   | Identified the +7 trident of Cif Dez {pierce, rPois} (You found it on level 1 of the Lair of Beasts)
 10468 | Lair:1   | Noticed a spiny frog
 10489 | Lair:1   | Killed a spiny frog
 10489 | Lair:1   | Reached skill level 13 in Axes
 10489 | Lair:1   | Reached XP level 10. HP: 19/67 MP: 8/13
 10668 | Lair:1   | Noticed a komodo dragon
 10677 | Lair:1   | Killed a komodo dragon
 10792 | Lair:1   | Noticed a spiny frog
 10802 | Lair:1   | Killed a spiny frog
 10815 | Lair:1   | Noticed a seven-headed hydra
 11312 | D:9      | Reached skill level 14 in Axes
 11617 | D:10     | Entered Level 10 of the Dungeon
 11844 | D:10     | Reached skill level 1 in Armour
 11920 | D:10     | Reached skill level 1 in Polearms
 11936 | D:10     | Found a staircase to the Orcish Mines.
 12507 | D:10     | Gained mutation: You are mostly covered in thin metallic scales (AC +3). [demonic ancestry]
 12507 | D:10     | Reached XP level 11. HP: 62/74 MP: 14/14
 12598 | D:10     | Noticed a hill giant
 12740 | D:8      | Killed Erolcha
 12802 | D:7      | Reached skill level 1 in Shields
 13477 | D:10     | Noticed a hill giant
 13493 | D:10     | Killed a hill giant
 13515 | D:10     | Identified a -3 rod of the swarm (12/12) (You found it on level 9 of the Dungeon)
 13753 | D:10     | Killed a hill giant
 14117 | D:11     | Noticed a hill giant
 14138 | D:11     | Slain by a hill giant

Action                   |  1- 3 |  4- 6 |  7- 9 | 10-12 || total
-------------------------+-------+-------+-------+-------++-------
Melee: Hand axe          |   191 |   302 |       |       ||   493
       War axe           |       |       |   493 |       ||   493
       Trident           |       |       |    53 |   504 ||   557
Throw: Tomahawk          |       |    10 |     9 |     2 ||    21
       Javelin           |       |       |    11 |    12 ||    23
       Throwing net      |       |       |       |     1 ||     1
 Cast: Apportation       |       |     6 |       |       ||     6
       Blink             |       |       |     1 |       ||     1
  Use: Scroll            |     2 |    10 |     4 |     1 ||    17
       Potion            |       |     3 |     4 |     1 ||     8
 Stab: Distracted        |       |       |     1 |       ||     1
       Held in net/web   |       |       |       |     1 ||     1
  Eat: Chunk             |     3 |     8 |    15 |    13 ||    39
       Beef jerky        |       |       |     2 |       ||     2
       Fruit             |       |       |     1 |     1 ||     2
       Pizza             |       |       |     1 |       ||     1
